 Dungeon Crawl Stone Soup version 0.20-a0-899-g09a9bfb (webtiles) character file.

123 AlphabetPasta the Magician (level 4, -5/21 HPs)
             Began as a Spriggan Fire Elementalist on Mar 18, 2017.
             Killed by divine providence
             ... invoked by an orc priest
              (12 damage)
             ... on level 3 of the Dungeon.
             The game lasted 00:11:56 (2026 turns).

AlphabetPasta the Magician (SpFE)                   Turns: 2026, Time: 00:11:56

Health: -5/21      AC:  2    Str:  4    XL:     4   Next: 79%
Magic:  6/10       EV: 21    Int: 22    God:
Gold:   149        SH:  0    Dex: 16    Spells: 4/10 levels left

rFire    . . .     SeeInvis +   d - +0 short sword
rCold    . . .     Gourm    .   a - +0 robe
rNeg     . . .     Faith    .   (shield restricted)
rPois    .         Spirit   .   (helmet restricted)
rElec    .         Reflect  .   (no cloak)
rCorr    .         Harm     .   (gloves unavailable)
MR       .....                  (boots unavailable)
Stlth    ++........             (no amulet)
Regen    0.1/turn               s - +5 ring of intelligence
MPRegen  0.2/turn               j - +3 ring of evasion

@: very quick
A: unfitting armour, see invisible, herbivore 3, speed 3, slow metabolism 2
a: no special abilities


You were on level 3 of the Dungeon.
You were not hungry.

You visited 1 branch of the dungeon, and saw 3 of its levels.

You collected 149 gold pieces.

Inventory:

Hand Weapons
 d - a +0 short sword (weapon)
Armour
 a - a +0 robe (worn)
 m - a +1 buckler
Jewellery
 j - a +3 ring of evasion (left hand)
 s - a +5 ring of intelligence (right hand)
Scrolls
 l - a scroll of remove curse
 o - a scroll of fear
 t - a scroll of enchant armour
Potions
 e - a potion of mutation {unknown}
 f - 2 potions of flight
 g - a potion of agility {unknown}
 h - a potion of magic {unknown}
 p - 2 potions of resistance
 q - 6 potions of curing {unknown}
 r - a potion of might {unknown}
Books
 b - a book of Flames

   Spells                             Type                      Level
   a - Flame Tongue                   Conjuration/Fire             1
   b - Throw Flame                    Conjuration/Fire             2
   c - Conjure Flame                  Conjuration/Fire             3
   d - Inner Flame                    Hexes/Fire                   3
   e - Sticky Flame                   Conjuration/Fire             4
   f - Fireball                       Conjuration/Fire             5
Comestibles
 c - 2 bread rations
 i - a fruit


   Skills:
 - Level 3.0 Dodging
 - Level 3.0 Stealth
 + Level 0.3 Shields
 + Level 3.9 Spellcasting
 * Level 2.0 Conjurations
 * Level 3.3 Fire Magic


You had 4 spell levels left.
You knew the following spells:

 Your Spells              Type           Power        Failure   Level  Hunger
a - Flame Tongue          Conj/Fire      ###..        4%          1    None
b - Throw Flame           Conj/Fire      ###...       8%          2    #......
c - Conjure Flame         Conj/Fire      ###.....     12%         3    ###....


Dungeon Overview and Level Annotations

Branches:
Dungeon (3/15)

Altars:
Cheibriados
Elyvilon
Sif Muna
Uskayaw


Innate Abilities, Weirdness & Mutations

You are very small and have problems with some larger weapons.
You are too small for most types of armour.
You have supernaturally acute eyesight. (SInv)
You are a herbivore.
You cover ground extremely quickly.
You need consume almost no food.


Message History

Beogh smites you!
Ouch! That really hurt!
Casting: Flame Tongue
Confirm with . or Enter, or press ? or * to list all spells.
Aiming: Flame Tongue
Press: ? - help, Shift-Dir - straight line, f/p - orc priest
Aim: an orc priest, wearing a ring mail (moderately wounded)
The flame tongue hits the orc priest.
The orc priest is moderately wounded.
Casting: Flame Tongue
Confirm with . or Enter, or press ? or * to list all spells.
Aiming: Flame Tongue
Press: ? - help, Shift-Dir - straight line, f/p - orc priest
Aim: an orc priest, wearing a ring mail (moderately wounded)
The flame tongue hits the orc priest.
The orc priest is severely wounded.
The orc priest invokes the aid of Beogh against you.
Beogh smites you!
Ouch! That really hurt!
You die...

#### ####...###
##........### #..._..._...#
#...........##
#.....⌠...... #..o.......#
#######.#@_..._.#
#...............# #
##.#########...#.# #
#####...######
##..#.####### ##
#..>.........###.#.........
#§
#.###...####.##.#..........
##§ ##.##
#..).......###.###§§
#.#####..........# #...§§.
..............#..###.#.§.⌠


You could see an orc priest.

Vanquished Creatures
  3 gnolls (D:2)
  2 adders (D:2)
  An ooze (D:1)
  A worm (D:2)
  7 dart slugs
  2 orcs (D:3)
  A ball python (D:2)
  6 bats
  4 giant cockroaches (D:1)
  6 goblins
  3 hobgoblins
  6 frilled lizards
  7 kobolds
  8 rats
57 creatures vanquished.

Notes
Turn   | Place    | Note
-------+----------+-------------------------------------------
     0 | D:1      | AlphabetPasta the Spriggan Fire Elementalist began the quest for the Orb.
     0 | D:1      | Reached XP level 1. HP: 9/9 MP: 5/5
    72 | D:1      | Reached skill level 1 in Conjurations
   144 | D:1      | Reached XP level 2. HP: 13/13 MP: 6/6
   156 | D:1      | Learned a level 2 spell: Throw Flame
   529 | D:1      | Reached XP level 3. HP: 16/16 MP: 1/8
   534 | D:1      | Learned a level 3 spell: Conjure Flame
  1295 | D:2      | Reached XP level 4. HP: 21/21 MP: 4/9
  2016 | D:3      | Found a hide-covered altar of Uskayaw.
  2019 | D:3      | Found a deep blue altar of Sif Muna.
  2019 | D:3      | Found a snail-covered altar of Cheibriados.
  2019 | D:3      | Found a white marble altar of Elyvilon.
  2026 | D:3      | Killed from afar by an orc priest

Vault maps used:
D:1:      saegor_arrival_simple_d, due_unseen_surprise
D:3:      lemuel_doored_altar, grunt_temple_overflow_open, vehumet_crystals,
          grunt_ministairs_12, minmay_crystal_water,
          nicolae_dithmenos_through_a_glass_darkly, uniq_natasha

Skill      XL: |  1  2  3  4 |
---------------+-------------+-----
Conjurations   | 1 2 |  2.0
Spellcasting   | 3 |  3.9
Fire Magic     | 3 |  3.3
Dodging        | |  3.0
Stealth        | |  3.0
Shields        | |  0.3

Action                   |  1- 3 |  4- 6 || total
-------------------------+-------+-------++-------
Melee: Short sword       |    10 |     5 ||    15
 Cast: Flame Tongue      |    52 |    45 ||    97
       Throw Flame       |     2 |     1 ||     3
  Use: Scroll            |     7 |     2 ||     9
 Stab: Sleeping          |     7 |     4 ||    11
       Distracted        |     1 |       ||     1
Dodge: Dodged            |    13 |    17 ||    30
